 Dungeon Sprint DCSS version 0.22-a0-42-g002c468 (webtiles) character file.

33345 theanonym the Tortoise (level 13, -6/228 HPs)
             Began as a Deep Dwarf Fighter on Jan 5, 2018.
             Was the Champion of Makhleb.
             Killed from afar by a crystal guardian (18 damage)
             ... with a crystal bolt
             ... in the Dungeon (Sprint V: "Ziggurat Sprint").
             The game lasted 00:08:31 (482 turns).

theanonym the Tortoise (Deep Dwarf Fighter)          Turns: 482, Time: 00:08:32

Health: -6/228     AC: 31    Str: 27    XL:     13   Next: 36%
Magic:  11/11      EV:  2    Int: 18    God:    Makhleb [******]
Gold:   0          SH: 32    Dex: 12    Spells: 12/12 levels left

rFire    + + .     SeeInvis +   y - +14 obsidian axe {chop, +Fly SInv *Curse} (curse)
rCold    + . .     Gourm    .   z - +18 shield of the Gong {rElec rN+ MR+ EV-5}
rNeg     + . .     Faith    .   A - +5 gold dragon scales {23 rF+ rC+ rPois}
rPois    +         Spirit   .   (no helmet)
rElec    +         Reflect  .   (no cloak)
rCorr    .         Harm     .   (no gloves)
MR       ++...     NoTele   +   H - +1 pair of boots {run}
Stlth    ..........             I - amulet of Qohy {Fragile +Rage Int+6}
HPRegen  0.00/turn              L - +5 ring of slaying
MPRegen  0.12/turn              K - ring of protection from fire {rF+}

@: berserking, mesmerised, non-regenerating, very quick
A: damage resistance, heal wounds, sense surroundings 2, no regeneration
a: Heal Wounds, Minor Destruction, Lesser Servant of Makhleb, Major Destruction,
Greater Servant of Makhleb, Renounce Religion, Evoke Berserk Rage, Evoke Flight


Innate Abilities, Weirdness & Mutations

You are resistant to damage.
You can heal yourself by infusing magical energy.
You passively map the area around you.
You do not regenerate.


   Skills:
 * Level 19.7 Fighting
 - Level 18.0 Axes
 + Level 20.4 Armour
 - Level 15.0 Shields


You had 12 spell levels left.
You didn't know any spells.

Skill      XL: |  1  2  3  4  5  6  7  8  9 10 11 12 13 |
---------------+----------------------------------------+-----
Axes           | 8 9 10 13 15 16 18 | 18.0
Fighting       | 3 4 7 9 11 14 18 19 | 19.7
Armour         | 4 5 8 10 11 13 15 19 20 | 20.4
Shields        | 4 5 8 10 11 13 15 | 15.0

Action                   |  1- 3 |  4- 6 |  7- 9 | 10-12 | 13-15 || total
-------------------------+-------+-------+-------+-------+-------++-------
Melee: Broad axe         |     2 |     4 |    27 |   124 |    23 ||   180
 Abil: Heal Wounds       |       |     1 |     1 |     1 |     2 ||     5
  Use: Potion            |     1 |       |       |     1 |     3 ||     5
 Stab: Distracted        |       |       |       |     5 |       ||     5
Armor: Gold dragon scale |       |       |     6 |    53 |    13 ||    72
Dodge: Dodged            |       |       |       |     4 |     3 ||     7
Block: Shield            |     3 |     5 |    26 |   154 |    36 ||   224

Inventory:

Hand Weapons
 a - a +0 war axe
 y - the cursed +14 obsidian axe (weapon) {chop, +Fly SInv *Curse}
   (You found it in the Dungeon)

   It inflicts extra damage upon your enemies.
   It lets you see invisible.
   It lets you fly.
   It curses itself when equipped.
   It has a curse placed upon it.
Armour
 c - a +0 shield
 k - a +0 scale mail {10}
 z - the +18 shield of the Gong (worn) {rElec rN+ MR+ EV-5}
   (You found it in the Dungeon)

   It affects your evasion (-5).
   It insulates you from electricity.
   It protects you from negative energy.
   It affects your resistance to hostile enchantments.
 A - +5 gold dragon scales (worn) {23 rF+ rC+ rPois}
   (You found it in the Dungeon)
 H - a +1 pair of boots of running (worn)
   (You found it in the Dungeon)
Jewellery
 p - a +6 ring of dexterity
   (You found it in the Dungeon)
 s - a +6 ring of intelligence
   (You found it in the Dungeon)
 t - a +6 ring of intelligence
   (You found it in the Dungeon)
 u - a +6 ring of strength
   (You found it in the Dungeon)
 x - a +6 ring of strength
   (You found it in the Dungeon)
 E - a +6 ring of dexterity
   (You found it in the Dungeon)
 I - the amulet of Qohy (around neck) {Fragile +Rage Int+6}
   (You found it in the Dungeon)

   [amulet of rage]

   It affects your intelligence (+6).
   It lets you go berserk.
   It will be destroyed if unequipped.
 K - a ring of protection from fire (right hand) {rF+}
   (You found it in the Dungeon)
 L - a +5 ring of slaying (left hand)
   (You found it in the Dungeon)
Wands
 m - a wand of disintegration (7)
   (You found it in the Dungeon)
 o - a wand of iceblast (7)
   (You found it in the Dungeon)
 v - a wand of acid (7)
   (You found it in the Dungeon)
Scrolls
 b - 4 scrolls of blinking
 f - 7 scrolls of fog
 r - 5 scrolls of identify
 B - 4 scrolls of amnesia
 D - a scroll of holy word
 F - 5 scrolls of remove curse
 G - 2 scrolls of fear
Potions
 d - 6 potions of might
 g - 2 potions of invisibility
 h - 9 potions of haste
 i - 7 potions of magic
 j - 2 potions of berserk rage
 l - 4 potions of resistance {rF+ rC+}
 n - 5 potions of agility
 q - 12 potions of heal wounds
 w - 10 potions of curing
 C - 2 potions of brilliance
Books
 J - the Catalogue of Air
   (You found it in the Dungeon)

   Spells                             Type                      Level
   a - Swiftness                      Charms/Air                   2
   b - Static Discharge               Conjuration/Air              3
   c - Airstrike                      Air                          4
   d - Silence                        Hexes/Air                    5
   e - Deflect Missiles               Charms/Air                   6
Comestibles
 e - a ration You were in the Dungeon. You worshipped Makhleb. Makhleb was exalted by your worship. You were not hungry. You visited 1 branch

Dungeon Overview and Level Annotations

Branches:
Dungeon (1/1)

Altars:
Ashenzari
Cheibriados
Dithmenos
Elyvilon
Fedhas
Gozag
Hepliaklqana
Kikubaaqudgha
Makhleb
Nemelex Xobeh
Okawaru
Qazlal
Ru
Sif Muna
Trog
Uskayaw
Vehumet
Wu Jian
Xom
Yredelemnul
Zin
The Shining One
Beogh
Jiyva
Lugonu

Annotations:
D 1 transporter

,, , ,
,▓▓▓▓▓▓▓▓▓▓▓▓▓▓▓...| ,
,,,, ▓.....8©8. ,▓...) * *
* * ▓..[:!)|==, , ▓.... ,
, ▓..)|}=}[[ , ▓.... , ,
,▓......... ▓.... , , , ,
,, ▓.8EE.........▓.))) ,
▓C888.........▓...) , ,
,▓8D88.........▓..▓) ,,, ,
, ▓.@888.......,▓.... ,,
,, , ▓..▓.......▓ ▓.... ,
, ▓.▓▓▓.....▓▓ ▓▓▓▓▓ , , ,
▓..▓.......▓..▓.... , , ,
▓...3.........▓..)} ,, *
,▓......©......▓...| ,
,,***,,▓▓▓▓▓▓▓▓▓▓▓▓▓▓▓....
* ,, , 8 ▓.... , , , , ,,
▓....


You could see 6 iron golems, an iron dragon, a stone giant, 4 crystal guardians
and 2 earth elementals.

Notes
Turn   | Place    | Note
-------+----------+-------------------------------------------
     0 | D        | Found the +6 Majin-Bo {vamp, Archmagi MP+6 Int+6}
     0 | D        | Found the +7 great mace "Firestarter" {inner flame, rF++}
     0 | D        | theanonym the Deep Dwarf Fighter began the quest for the Orb.
     0 | D        | Reached XP level 1. HP: 20/20 MP: 1/1
     0 | D        | Found a deep blue altar of Sif Muna.
     0 | D        | Found a sacrificial altar of Ru.
     0 | D        | Found a bloodstained altar of Trog.
     0 | D        | Found a stormy altar of Qazlal.
     0 | D        | Found an iron altar of Okawaru.
     0 | D        | Found a sparkling altar of Nemelex Xobeh.
     0 | D        | Found a blossoming altar of Fedhas.
     2 | D        | Reached skill level 8 in Axes
     2 | D        | Reached XP level 2. HP: 27/27 MP: 2/2
     7 | D        | Found a corrupted altar of Lugonu.
     7 | D        | Found an ancient bone altar of Kikubaaqudgha.
     7 | D        | Found a burning altar of Makhleb.
     7 | D        | Found a transporter.
     7 | D        | Found a viscous altar of Jiyva.
     7 | D        | Found a hazy altar of Hepliaklqana.
    14 | D        | Found the +9 heavy crossbow "Sniper" {velocity, Acc+∞ SInv}
    14 | D        | Found the +10 dark maul {crush}
    14 | D        | Found the +15 Maxwell's patent armour {-Cast -Tele rElec MR+ rCorr}
    14 | D        | Found the +18 shield of the Gong {rElec rN+ MR+ EV-5}
    14 | D        | Found the cursed +14 obsidian axe {chop, +Fly SInv *Curse}
    16 | D        | Found the +6 shillelagh "Devastator" {shatter}
    16 | D        | Found the +11 plutonium sword {*Contam Stlth-}
    16 | D        | Found the +8 lance "Wyrmbane" {slay drac, rPois rF+ rC+ AC+3}
    16 | D        | Found the +9 sword of Zonguldrok {reap}
    16 | D        | Found the cursed +13 scythe of Curses {drain, *Curse}
    16 | D        | Found the +0 sword of Power
    16 | D        | Found the +16 mace of Variability {chaos}
    16 | D        | Found the +7 Singing Sword
    16 | D        | Found the +7 longbow "Piercer" {penet, EV-2}
    18 | D        | Found an opulent altar of Gozag.
    60 | D        | Became a worshipper of Makhleb the Destroyer
    70 | D        | Entered arena 2.
    70 | D        | Found a transporter.
    72 | D        | Reached skill level 3 in Fighting
    72 | D        | Reached skill level 9 in Axes
    72 | D        | Reached XP level 3. HP: 30/34 MP: 3/3
    73 | D        | Reached skill level 4 in Armour
    73 | D        | Reached skill level 4 in Shields
    73 | D        | Reached XP level 4. HP: 37/42 MP: 4/4
    79 | D        | Entered arena 3.
    79 | D        | Found a transporter.
    82 | D        | Reached * piety under Makhleb
    92 | D        | Identified a +1 pair of boots of running (You found it in the Dungeon)
    93 | D        | Got the ring of Veig {MR+ Str-2 Dex+4 Stlth+}
    96 | D        | Entered arena 4.
    96 | D        | Noticed a deep elf sorcerer
    96 | D        | Noticed a deep elf mage
    96 | D        | Noticed a deep elf mage
    96 | D        | Noticed a water elemental
    96 | D        | Found a transporter.
    98 | D        | Killed a water elemental
    98 | D        | Reached ** piety under Makhleb
    98 | D        | Reached skill level 4 in Fighting
    98 | D        | Reached skill level 10 in Axes
    98 | D        | Reached skill level 5 in Armour
    98 | D        | Reached skill level 5 in Shields
    98 | D        | Reached XP level 5. HP: 51/51 MP: 5/5
   100 | D        | Killed a deep elf sorcerer
   100 | D        | Reached skill level 7 in Fighting
   100 | D        | Reached skill level 13 in Axes
   100 | D        | Reached skill level 8 in Armour
   100 | D        | Reached skill level 8 in Shields
   100 | D        | Reached XP level 6. HP: 66/66 MP: 6/6
   100 | D        | Reached XP level 7. HP: 72/72 MP: 7/7
   100 | D        | Reached XP level 8. HP: 80/80 MP: 8/8
   101 | D        | Killed a deep elf mage
   101 | D        | Reached skill level 14 in Axes
   101 | D        | Reached skill level 9 in Armour
   101 | D        | Reached skill level 9 in Shields
   102 | D        | Killed a deep elf mage
   102 | D        | Reached skill level 8 in Fighting
   105 | D        | Got the amulet of Qohy {Fragile +Rage Int+6}
   110 | D        | Entered arena 5.
   110 | D        | Found a transporter.
   113 | D        | Reached *** piety under Makhleb
   118 | D        | Identified the Catalogue of Air (You found it in the Dungeon)
   120 | D        | Entered arena 6.
   120 | D        | Noticed a tentacled starspawn
   120 | D        | Found a transporter.
   122 | D        | Reached **** piety under Makhleb
   125 | D        | Killed a tentacled starspawn
   125 | D        | Reached skill level 9 in Fighting
   125 | D        | Reached skill level 15 in Axes
   125 | D        | Reached skill level 10 in Armour
   125 | D        | Reached skill level 10 in Shields
   125 | D        | Gained mutation: You passively map the area around you. [Deep Dwarf growth]
   125 | D        | Reached XP level 9. HP: 91/91 MP: 9/9
   130 | D        | Entered arena 7.
   131 | D        | Found a transporter.
   133 | D        | Reached ***** piety under Makhleb
   144 | D        | Entered arena 8.
   144 | D        | Noticed a deep elf mage
   144 | D        | Noticed a deep elf knight
   144 | D        | Noticed a deep elf archer
   144 | D        | Noticed a deep elf mage
   145 | D        | Found a transporter.
   150 | D        | Killed a deep elf knight
   155 | D        | Noticed a jumping spider
   155 | D        | Killed a deep elf archer
   155 | D        | Reached skill level 16 in Axes
   155 | D        | Reached skill level 11 in Armour
   155 | D        | Reached skill level 11 in Shields
   158 | D        | Killed a deep elf mage
   158 | D        | Reached ****** piety under Makhleb
   158 | D        | Killed a deep elf mage
   164 | D        | Identified Sif Muna's Grimoire of Hurtful Clay (You found it in the Dungeon)
   165 | D        | Entered arena 9.
   166 | D        | Found a transporter.
   171 | D        | Reached XP level 10. HP: 100/100 MP: 10/10
   181 | D        | Entered arena 10.
   181 | D        | Noticed a spiny frog
   181 | D        | Noticed a spiny frog
   182 | D        | Found a transporter.
   188 | D        | Killed a spiny frog
   190 | D        | Reached skill level 10 in Fighting
   192 | D        | Killed a spiny frog
   192 | D        | Reached skill level 17 in Axes
   205 | D        | Entered arena 11.
   206 | D        | Found a transporter.
   214 | D        | Reached skill level 12 in Shields
   222 | D        | Entered arena 12.
   222 | D        | Noticed a water nymph
   222 | D        | Noticed a torpor snail
   222 | D        | Noticed a purple very ugly thing
   222 | D        | Noticed a white ugly thing
   223 | D        | Noticed a green ugly thing
   223 | D        | Paralysed by a floating eye for 4 turns
   224 | D        | a torpor snail changed into a merfolk
   225 | D        | Noticed a death drake
   225 | D        | a merfolk changed into a death drake
   226 | D        | a water nymph changed into a slime creature
   227 | D        | Noticed a water nymph
   227 | D        | Noticed a salamander
   227 | D        | a floating eye changed into a salamander
   229 | D        | Reached skill level 12 in Armour
   229 | D        | Noticed a deep troll
   229 | D        | a slime creature changed into a deep troll
   232 | D        | Killed a salamander
   233 | D        | a deep troll changed into a floating eye
   233 | D        | a death drake changed into a tarantella
   234 | D        | Killed a purple very ugly thing
   234 | D        | Reached skill level 18 in Axes
   238 | D        | Killed a green ugly thing
   238 | D        | Reached skill level 11 in Fighting
   239 | D        | Reached skill level 13 in Armour
   239 | D        | Reached skill level 13 in Shields
   239 | D        | Noticed a torpor snail
   239 | D        | a water nymph changed into a torpor snail
   240 | D        | Found a transporter.
   241 | D        | Noticed an elephant
   241 | D        | a torpor snail changed into an elephant
   246 | D        | Killed a cyan ugly thing
   246 | D        | Reached XP level 11. HP: 111/111 MP: 11/11
   262 | D        | Entered arena 13.
   262 | D        | Noticed a spriggan air mage
   263 | D        | Noticed a storm dragon
   263 | D        | Noticed a spriggan air mage
   264 | D        | Found a transporter.
   276 | D        | Killed a spriggan air mage
   276 | D        | Reached skill level 12 in Fighting
   281 | D        | Noticed a sun demon
   282 | D        | Killed a spriggan air mage
   285 | D        | Killed a storm dragon
   285 | D        | Reached skill level 14 in Armour
   285 | D        | Reached skill level 14 in Shields
   296 | D        | Identified Iqeuxza's Guide on Sinister Flames (You found it in the Dungeon)
   300 | D        | Identified the Handbook of Mutagenic Displacement (You found it in the Dungeon)
   307 | D        | Entered arena 14.
   308 | D        | Noticed a four-headed hydra
   308 | D        | Noticed a fire dragon
   308 | D        | Noticed a swamp dragon
   309 | D        | Noticed a swamp dragon
   309 | D        | Noticed a death drake
   310 | D        | Found a transporter.
   313 | D        | Killed a swamp dragon
   314 | D        | Killed a seven-headed hydra
   314 | D        | Reached skill level 13 in Fighting
   318 | D        | Killed a fire dragon
   319 | D        | Killed a swamp dragon
   321 | D        | Killed a death drake
   321 | D        | Reached skill level 14 in Fighting
   336 | D        | Entered arena 15.
   336 | D        | Noticed a vampire knight
   337 | D        | Noticed a skeletal warrior
   337 | D        | Noticed a skeletal warrior
   337 | D        | Noticed a skeletal warrior
   342 | D        | Found a transporter.
   348 | D        | Killed a skeletal warrior
   348 | D        | Reached skill level 15 in Armour
   348 | D        | Reached skill level 15 in Shields
   349 | D        | Killed a skeletal warrior
   350 | D        | Killed a skeletal warrior
   350 | D        | Reached XP level 12. HP: 121/129 MP: 12/12
   355 | D        | Killed a vampire knight
   355 | D        | Reached skill level 15 in Fighting
   371 | D        | Entered arena 16.
   372 | D        | Noticed a deep elf sorcerer
   372 | D        | Noticed a deep elf high priest
   372 | D        | Noticed a deep elf annihilator
   373 | D        | Noticed a deep elf annihilator
   373 | D        | Noticed a deep elf annihilator
   373 | D        | Noticed a deep elf annihilator
   373 | D        | Noticed a deep elf blademaster
   374 | D        | Found a transporter.
   383 | D        | Killed a deep elf blademaster
   383 | D        | Reached skill level 16 in Armour
   385 | D        | HP: 58/133 [deep elf annihilator/iron shot (59)]
   386 | D        | Killed a deep elf annihilator
   386 | D        | Reached skill level 16 in Fighting
   386 | D        | Reached skill level 17 in Armour
   388 | D        | Killed a deep elf annihilator
   391 | D        | Reached skill level 18 in Armour
   392 | D        | Killed a deep elf annihilator
   392 | D        | Reached skill level 17 in Fighting
   392 | D        | Killed a deep elf sorcerer
   395 | D        | Killed a deep elf annihilator
   395 | D        | Reached skill level 19 in Armour
   397 | D        | Killed a deep elf high priest
   404 | D        | Reached skill level 18 in Fighting
   416 | D        | Entered arena 17.
   419 | D        | Noticed a storm dragon
   419 | D        | Noticed a storm dragon
   420 | D        | Noticed a spriggan air mage
   420 | D        | Noticed a titan
   421 | D        | Found a transporter.
   426 | D        | HP: 62/139 [spriggan air mage/bolt of lightning (9)]
   429 | D        | Reached XP level 13. HP: 53/146 MP: 13/13
   430 | D        | Killed a storm dragon
   435 | D        | Killed a storm dragon
   438 | D        | HP: 74/148 [titan/the air (13)]
   441 | D        | Killed a titan
   441 | D        | Reached skill level 19 in Fighting
   458 | D        | Entered arena 18.
   464 | D        | Noticed an iron dragon
   464 | D        | Noticed a quicksilver dragon
   464 | D        | Noticed a quicksilver dragon
   465 | D        | Found the ring of Robustness {AC+8}
   465 | D        | Noticed a crystal guardian
   465 | D        | Noticed a crystal guardian
   465 | D        | Noticed a crystal guardian
   466 | D        | Found a transporter.
   466 | D        | Noticed a stone giant
   467 | D        | Noticed a crystal guardian
   468 | D        | HP: 65/150 [iron dragon/spray of metal splinters (24)]
   470 | D        | Killed a quicksilver dragon
   470 | D        | Reached skill level 20 in Armour
   473 | D        | HP: 43/150 [iron dragon (9)]
   475 | D        | Killed a quicksilver dragon
   476 | D        | HP: 18/152 [crystal guardian (17)]
   478 | D        | HP: 8/152 [crystal guardian/crystal bolt (19)]
   482 | D        | Killed from afar by a crystal guardian

Vanquished Creatures
  2 quicksilver dragons (D)
  A titan (D)
  A deep elf blademaster (D)
  2 storm dragons (D)
  A deep elf sorcerer (D)
  A very ugly thing (D)
  4 deep elf annihilators (D)
  A vampire knight (D)
  A deep elf high priest (D)
  A hydra (D)
  A fire dragon (D)
  2 spriggan air magi (D)
  A dancing weapon (D)
  3 skeletal warriors (D)
  A death drake (D)
  2 swamp dragons (D)
  3 deep elf archers (D)
  A salamander (shapeshifter) (D)
  2 ugly things (D)
  4 deep elf magi (D)
  A water nymph (shapeshifter) (D)
  2 spiny frogs (D)
  4 wind drakes (D)
  A blink frog (shapeshifter) (D)
  A blink frog (D)
  A hippogriff (D)
  9 air elementals (D)
  A spriggan (shapeshifter) (D)
  A wyvern (D)
  A water elemental (D)
  2 neqoxecs (D)
  An insubstantial wisp (D)
  2 hell hounds (D)
  A floating eye (shapeshifter) (D)
  2 water moccasins (D)
  3 swamp drakes (D)
  A necrophage (D)
  2 earth elementals (D)
  A wight (D)
  2 jellies (D)
  2 iron imps (D)
  An iguana (D)
  2 orc wizards (D)
  3 adders (D)
  2 shadow imps (D)
  A white imp (D)
  An ufetubus (D)
  3 orcs (D)
  2 bat skeletons (D)
  3 bat zombies (D)
  2 jackals (D)
  2 ball pythons (D)
  2 giant cockroach zombies (D)
  A leopard gecko skeleton (D)
  2 quokka zombies (D)
103 creatures vanquished.

Vanquished Creatures (collateral kills)
  A tentacled starspawn (D)
  A storm dragon (D)
  A deep elf sorcerer (D)
  A spriggan air mage (D)
  A deep elf knight (D)
  A deep elf archer (D)
  3 deep elf magi (D)
  A rime drake (D)
  A wind drake (D)
  A water elemental (D)
  A yak (D)
  2 steam dragons (D)
  A water moccasin (D)
  A crocodile (D)
  A bullfrog (D)
  An orc wizard (D)
  2 iguanas (D)
  A shadow imp (D)
  An adder zombie (D)
  An orc (D)
  A jackal (D)
  2 starspawn tentacles (D)
27 creatures vanquished.

Vanquished Creatures (others)
  5 insubstantial wisps (D)
5 creatures vanquished.

Grand Total: 135 creatures vanquished

Table legend:
 A = Turns spent in this place as a percentage of turns spent in the entire game.
 B = Non-inter-level travel turns spent in this place as a percentage of non-inter-level travel turns spent in the entire game.
 C = Inter-level travel turns spent in this place as a percentage of turns spent in this place.
 D = Turns resting spent in this place as a percentage of non-inter-level travel turns spent in this place.
 E = Turns spent auto-exploring this place as a percentage of non-inter-level travel turns spent in this place.
 F = Non-inter-level travel turns spent in this place divided by the number of levels of this place that you've seen.
                   A       B       C       D       E      F
               +-------+-------+-------+-------+-------+----------------------
         Total | 100.0 | 100.0 |   0.0 |   0.0 |   1.0 | 482.0
       Dungeon | 100.0 | 100.0 |   0.0 |   0.0 |   1.0 | 482.0
               +-------+-------+-------+-------+-------+----------------------
